 Dungeon Crawl Stone Soup version 0.28.0-43-g3370ac3207 (webtiles) character file.

Game seed: 16986120875683465190

5834 nickcage the Frost Mage (level 10, -1/50 HPs)
             Began as a Gargoyle Ice Elementalist on Mar 24, 2022.
             Was a Believer of Vehumet.
             Slain by a two-headed ogre
             ... wielding a +0 giant club
              (4 damage)
             ... on level 10 of the Dungeon.
             The game lasted 00:37:06 (10945 turns).

nickcage the Frost Mage (GrIE)                     Turns: 10945, Time: 00:37:06

Health: -1/50      AC: 21    Str: 13    XL:     10   Next: 80%
Magic:  13/31      EV: 11    Int: 22    God:    Vehumet [**....]
Gold:   319        SH:  5    Dex: 14    Spells: 8/25 levels left

rFire   + . .      SeeInvis .   m - +4 mace of Ashenzari's Anger {flame, Int+3 Dex+4}
rCold   + . .      Faith    .   i - +0 buckler
rNeg    + . .      Spirit   .   D - +0 acid dragon scales
rPois   ∞          Reflect  .   (no helmet)
rElec   +          Harm     .   F - scarf {rC+ rF+}
rCorr   +          Rampage  .   t - +0 pair of gloves
Will    .....                   E - +0 pair of boots
Stlth   ++........              A - amulet of the acrobat
HPRegen 0.16/turn               e - ring of magical power
MPRegen 0.22/turn               x - ring of wizardry

@: ice-armoured, freezing walls
A: sickness immunity, AC +7, negative energy resistance 1, electricity
resistance, torment resistance 1, petrification resistance
a: Renounce Religion


You were on level 10 of the Dungeon.
You worshipped Vehumet.
Vehumet was pleased with you.
You visited 2 branches of the dungeon, and saw 11 of its levels.

You collected 485 gold pieces.
You spent 166 gold pieces at shops.

Inventory:

Hand Weapons
 h - a +0 dagger
 k - a +2 quarterstaff of chaos
 m - the +4 mace of Ashenzari's Anger (weapon) {flame, Int+3 Dex+4}
   (You found it on level 2 of the Dungeon)

   It burns those it strikes, dealing additional fire damage.
   Int:       It affects your intelligence (+3).
   Dex:       It affects your dexterity (+4).
Missiles
 H - a throwing net
Armour
 a - a +0 robe
 i - a +0 buckler (worn)
 l - a +0 cloak
 t - a +0 pair of gloves (worn)
 D - +0 acid dragon scales (worn)
 E - a +0 pair of boots (worn)
 F - a scarf of resistance (worn)
Jewellery
 e - a ring of magical power (left hand)
 x - a ring of wizardry (right hand)
 y - a ring of protection from fire
 z - a ring of wizardry
 A - an amulet of the acrobat (around neck)
Wands
 p - a wand of polymorph (13)
 B - a wand of paralysis (10)
 I - a wand of iceblast (3)
Scrolls
 b - 2 scrolls of noise {unknown}
 c - 4 scrolls of blinking
 d - 2 scrolls of summoning
 g - a scroll of fog {unknown}
 s - 3 scrolls of teleportation
 w - 2 scrolls of fear {unknown}
 C - a scroll of enchant armour {unknown}
 G - a scroll of magic mapping
 J - a scroll of identify
Potions
 f - a potion of invisibility
 j - 7 potions of curing
 n - 3 potions of might
 o - a potion of attraction {unknown}
 q - 4 potions of brilliance
 r - a potion of mutation
 u - 2 potions of heal wounds
 v - 2 potions of cancellation
 K - a potion of resistance {unknown}


   Skills:
 * Level 4.6 Maces & Flails
 - Level 1.5 Dodging
 - Level 2.1 Stealth
 * Level 5.9 Shields
 - Level 8.4 Spellcasting
 - Level 5.0 Conjurations
 - Level 3.0 Translocations
 - Level 10.0 Ice Magic
 - Level 1.1 Earth Magic


You had 8 spell levels left.
You knew the following spells:

 Your Spells              Type           Power      Damage    Failure   Level
a - Freeze                Ice            100%       1d11      1%          1
b - Frozen Ramparts       Ice            100%       1d12      1%          3
c - Ozocubu's Armour      Ice            52%        N/A       1%          3
d - Blink                 Tloc           44%        N/A       2%          2
e - Hailstorm             Conj/Ice       42%        3d10      2%          4
f - Magic Dart            Conj           100%       1d8       1%          1
g - Stone Arrow           Conj/Erth      44%        3d9       4%          3

Your spell library contained the following spells:

 Spells                   Type           Power      Damage    Failure   Level
 Scorch                   Fire           18%        2d6       9%          2
 Sandblast                Erth           28%        2d8       3%          1
 Lesser Beckoning         Tloc           22%        N/A       4%          3
 Passwall                 Tmut/Erth      9%         N/A       6%          2
 Manifold Assault         Tloc           22%        N/A       38%         5
 Ozocubu's Refrigeration  Ice            26%        4d10      56%         7


Dungeon Overview and Level Annotations

Branches:
Dungeon (10/15)            Temple (1/1) D:5
   Lair: D:8-11         Orc: D:9-12

Altars:
Ashenzari
Cheibriados
Dithmenos
Elyvilon
Fedhas
Gozag
Hepliaklqana
Makhleb
Nemelex Xobeh
Okawaru
Qazlal
Sif Muna
Trog
Uskayaw
Vehumet
Wu Jian
Xom
Yredelemnul
Zin
The Shining One

Shops:
D:1 *   D:6 =   D:7 *   D:8 =??([

Annotations:
D:8 2 runed translucent doors


Innate Abilities, Weirdness & Mutations

You are immune to sickness and miasma.
Your stone body is resilient. (AC +7)
You are immune to poison.
You resist negative energy. (rN+)
You are resistant to electric shocks. (rElec)
You are resistant to unholy torment.
You are immune to petrification.


Message History

Your Maces & Flails skill increases to level 4!
You start resting.
The frozen ramparts melt away.
You start resting.
Your icy armour starts to melt.
You start resting.
Your icy armour evaporates.
You start resting.
A two-headed ogre comes into view. It is wielding two +0 giant clubs.
The two-headed ogre shouts in stereo!
Casting: Frozen Ramparts (safe; 1% risk of failure)
Confirm with . or Enter, or press ? or * to list all spells.
Casting: Frozen Ramparts (safe; 1% risk of failure)
Press: ? - help, Dir - look around, f - activate The walls around you are covered in ice.
Casting: Frozen Ramparts (safe; 1% risk of failure)
Confirm with . or Enter, or press ? or * to list all spells.
A film of ice covers your body!
You are too injured to fight recklessly!
Aiming: Stone Arrow (dangerous; 4% risk of failure)
Press: ? - help, Q - select action, (/) - cycle Shift-Dir - straight line, f - two-headed ogre
Aim: a two-headed ogre, wielding two +0 giant clubs (86% to hit)
The stone arrow hits the two-headed ogre!
The two-headed ogre is moderately wounded.
The wall freezes the two-headed ogre!
Aiming: Stone Arrow (dangerous; 4% risk of failure)
Press: ? - help, Q - select action, (/) - cycle Shift-Dir - straight line, f/p - two-headed ogre
Aim: a two-headed ogre, wielding two +0 giant clubs (moderately wounded, 86% to hit)
The stone arrow hits the two-headed ogre!
The two-headed ogre is severely wounded.
The wall freezes the two-headed ogre.
Aiming: Stone Arrow (dangerous; 4% risk of failure)
Press: ? - help, Q - select action, (/) - cycle Shift-Dir - straight line, f/p - two-headed ogre
Aim: a two-headed ogre, wielding two +0 giant clubs (severely wounded, 86% to hit)
The stone arrow misses the two-headed ogre.
The wall freezes the two-headed ogre.
The two-headed ogre hits you with a +0 giant club!!
* * * LOW HITPOINT WARNING * * *
The two-headed ogre hits you with a +0 giant club.
You die...

#......[###
..#
###.##### #
..# # # ..#
#.# ##..#
#.# .... #.#
#.. #.## #.#
#..# #@#
#..# #O#
#..# #.# #
#######..#
#.####.###
.........#
###)#.......
.#######.#
###.....# .#
#.#
#.....### .#
#.###§###.#
(# #.....#
#..


You could see a two-headed ogre.

Vanquished Creatures
  Erolcha (D:10)
  2 two-headed ogres
  Maggie (D:8)
  Prince Ribbit (D:8)
  A wraith (D:8)
  2 steam dragons
  An acid dragon (D:10)
  A water moccasin (D:6)
  5 orc warriors
  2 sky beasts
  A necrophage (D:6)
  A hornet zombie (D:7)
  An ice beast (D:7)
  3 centaurs
  3 ogres
  3 kobold brigands
  2 bullfrogs
  A scorpion (D:5)
  A jelly (D:6)
  3 killer bees (D:10)
  4 wights
  2 howler monkeys (D:7)
  A bullfrog zombie (D:6)
  A centaur zombie (D:8)
  2 gnoll shamans
  3 hounds
  2 orc priests
  Crazy Yiuf (D:2)
  2 bullfrog skeletons (D:5)
  Jessica (D:2)
  An iguana (D:6)
  Natasha (D:3)
  A killer bee zombie (D:7)
  A howler monkey zombie (D:9)
  11 gnolls
  7 adders
  A shadow imp (D:6)
  An ufetubus (D:5)
  2 worms (D:2)
  2 dart slugs
  22 orcs
  8 ball pythons
  6 bats
  5 endoplasms
  3 giant cockroaches
  9 goblins
  3 hobgoblins
  2 jackals (D:5)
  19 kobolds
  A quokka (D:1)
  3 frilled lizards
  A jackal skeleton (D:2)
  7 rats
172 creatures vanquished.

Vanquished Creatures (others)
  5 plants (D:7)
5 creatures vanquished.

Grand Total: 177 creatures vanquished

Notes
Turn   | Place    | Note
-------+----------+-------------------------------------------
     0 | D:1      | nickcage the Gargoyle Ice Elementalist began the quest for
                  | the Orb.
     0 | D:1      | Reached XP level 1. HP: 10/10 MP: 3/3
   350 | D:1      | Reached XP level 2. HP: 15/15 MP: 3/5
   658 | D:1      | Found Ocetzipn's General Store.
  1125 | D:2      | Reached skill level 5 in Ice Magic
  1125 | D:2      | Reached XP level 3. HP: 19/19 MP: 3/6
  1129 | D:2      | Learned a level 3 spell: Frozen Ramparts
  1232 | D:2      | Noticed Jessica
  1237 | D:2      | Killed Jessica
  1238 | D:2      | Reached XP level 4. HP: 24/24 MP: 1/7
  1556 | D:2      | Found a runed translucent door.
  1557 | D:2      | Noticed Crazy Yiuf
  1566 | D:2      | Killed Crazy Yiuf
  1567 | D:2      | Reached skill level 6 in Ice Magic
  1570 | D:2      | Identified the +4 mace of Ashenzari's Anger {flame, Int+3
                  | Dex+4}
  1736 | D:2      | Learned a level 3 spell: Ozocubu's Armour
  1850 | D:2      | Reached XP level 5. HP: 28/28 MP: 6/8
  2841 | D:3      | Noticed Natasha
  2847 | D:3      | Killed Natasha
  3269 | D:4      | Noticed an ogre
  3274 | D:4      | Killed an ogre
  3275 | D:4      | Reached skill level 7 in Ice Magic
  3275 | D:4      | Reached XP level 6. HP: 7/32 MP: 0/9
  4587 | D:5      | Entered Level 5 of the Dungeon
  4823 | D:5      | Learned a level 2 spell: Blink
  4968 | D:5      | Reached skill level 1 in Translocations
  4968 | D:5      | Reached skill level 8 in Ice Magic
  4968 | D:5      | Reached XP level 7. HP: 36/36 MP: 3/10
  5028 | D:5      | Found a staircase to the Ecumenical Temple.
  5150 | Temple   | Entered the Ecumenical Temple
  5199 | Temple   | Became a worshipper of Vehumet
  5876 | D:6      | Learned a level 4 spell: Hailstorm
  5966 | D:6      | Reached XP level 8. HP: 38/41 MP: 5/14
  6342 | D:6      | Reached skill level 5 in Spellcasting
  6521 | D:6      | Reached skill level 1 in Conjurations
  6705 | D:6      | Found Xiuph's Jewellery Emporium.
  7190 | D:7      | Reached * piety under Vehumet
  7190 | D:7      | Offered knowledge of Magic Dart by Vehumet.
  7193 | D:7      | Learned a level 1 spell: Magic Dart
  7524 | D:7      | Reached XP level 9. HP: 43/45 MP: 18/18
  7528 | D:7      | Learned a level 3 spell: Stone Arrow
  7806 | D:7      | Found Fomiol's Assorted Antiques.
  7830 | D:7      | Reached skill level 9 in Ice Magic
  7938 | D:7      | Bought a dented malachite amulet for 100 gold pieces
  7944 | D:7      | Paralysed by a kobold brigand for 3 turns
  8206 | D:8      | Found Butt's Armour Emporium.
  8221 | D:7      | Reached skill level 1 in Earth Magic
  8522 | D:8      | Found Luitosm's Magic Scroll Boutique.
  8523 | D:8      | Noticed Maggie
  8536 | D:8      | Killed Maggie
  8538 | D:8      | Found Fecke Qenk's Antique Weapon Boutique.
  8673 | D:8      | Found a large runed translucent door.
  8674 | D:8      | Found a large runed translucent door.
  8680 | D:8      | Found Ikairph's Jewellery Shoppe.
  8695 | D:8      | Noticed Prince Ribbit
  8706 | D:8      | Killed Prince Ribbit
  9188 | D:8      | Found Aseiky's Magic Scroll Boutique.
  9191 | D:8      | Bought a scroll of magic mapping for 42 gold pieces
  9191 | D:8      | Bought a scroll of identify for 24 gold pieces
  9210 | D:8      | Found a glowing golden altar of the Shining One.
  9545 | D:9      | Reached skill level 5 in Conjurations
  9564 | D:9      | Reached ** piety under Vehumet
  9564 | D:9      | Offered knowledge of Poisonous Vapours by Vehumet.
  9575 | D:9      | Reached skill level 1 in Shields
  9653 | D:9      | Noticed a two-headed ogre
  9657 | D:9      | Killed a two-headed ogre
  9658 | D:9      | Reached skill level 10 in Ice Magic
  9658 | D:9      | Reached XP level 10. HP: 26/50 MP: 10/22
  9889 | D:9      | Found a burning altar of Makhleb.
 10347 | D:10     | Entered Level 10 of the Dungeon
 10350 | D:10     | Reached skill level 1 in Maces & Flails
 10420 | D:10     | Offered knowledge of Scorch by Vehumet.
 10563 | D:10     | Noticed a two-headed ogre
 10574 | D:10     | Killed a two-headed ogre
 10669 | D:10     | Reached skill level 5 in Shields
 10854 | D:10     | Noticed Erolcha
 10879 | D:10     | Killed Erolcha
 10937 | D:10     | Noticed a two-headed ogre
 10945 | D:10     | Slain by a two-headed ogre

Illustrated notes

Levels and vault maps discovered:
D:1:      moated_graveyard_arrival, layout_basic, serial_shops,
          nicolae_shop_advertising_works [nicolae_subvault_shop_adworks],
          st_stairs_14, chequers_serial_rivers_micro_e
D:2:      layout_loops_ring, uniq_crazy_yiuf_cottage, uniq_jessica
D:3:      layout_loops_ring, kennysheep_generic_room_10, uniq_natasha
D:4:      layout_basic, grunt_decor_mini_mirrors, minivault_19
D:5:      layout_loops_ring, minmay_temple_entry_crystal_x
D:6:      layout_gridville, serial_shops, kennysheep_mini_moat, grunt_tough_drop
D:7:      layout_cave_pods, serial_shops, nicolae_shop_overgrown_old_shop
D:8:      layout_basic, mainiacjoe_overflow_six_doors_small,
          jmf_multi_god_temple2, serial_shops, nicolae_shop_behind_doors,
          nicolae_shop_hallway_plus, nicolae_stop_n_shop_1,
          nicolae_stop_n_shop_2, nicolae_inconvenience_store, hex_tiny,
          uniq_prince_ribbit1, uniq_maggie
D:9:      layout_basic, mainiacjoe_overflow_24_doors
D:10:     layout_loops_ring, david_orc_4, uniq_erolcha
Temple:   compressed_dpeg_circular_temple

Skill      XL: |  1  2  3  4  5  6  7  8  9 10 |
---------------+-------------------------------+-----
Ice Magic      | 5 6 7 8 10 | 10.0
Translocations | 1 2 3 |  3.0
Spellcasting   | 4 6 8 |  8.4
Conjurations   | 2 5 |  5.0
Earth Magic    | 1 |  1.1
Shields        | 2 5 |  5.9
Maces & Flails | 4 |  4.6
Dodging        | |  1.5
Stealth        | |  2.1

Action                   |  1- 3 |  4- 6 |  7- 9 | 10-12 || total
-------------------------+-------+-------+-------+-------++-------
Melee: Unarmed           |     2 |       |       |       ||     2
       Dagger            |    10 |     9 |       |       ||    19
       Mace              |       |    21 |    69 |    12 ||   102
 Cast: Freeze            |    34 |    67 |    51 |       ||   152
       Frozen Ramparts   |     1 |     4 |    23 |     8 ||    36
       Ozocubu's Armour  |       |     4 |    18 |     6 ||    28
       Stone Arrow       |       |       |    46 |    32 ||    78
       Blink             |       |       |       |     1 ||     1
  Use: Scroll            |       |       |     9 |       ||     9
 Stab: Sleeping          |     3 |     6 |     1 |       ||    10
Armor: Robe              |    10 |    20 |    78 |       ||   108
       Acid dragon scale |       |       |    12 |    10 ||    22
Dodge: Dodged            |    12 |    50 |    75 |     9 ||   146
Block: Buckler           |     3 |    15 |    15 |     2 ||    35
